 Dungeon Crawl Stone Soup version 0.31-a0-851-g7ff8af7976 (webtiles) character file.

Game seed: 4501013479258258019

2720 Ethylacetat the Changeling (level 9, -5/43 (46) HPs)
             Began as a Vine Stalker Shapeshifter on Oct 7, 2023.
             Was an Elder of Uskayaw.
             Slain by a wight
             ... wielding a +0 mace of protection
              (9 damage)
             ... on level 7 of the Dungeon.
             The game lasted 00:11:28 (5907 turns).

Ethylacetat the Changeling (VSSh)                   Turns: 5907, Time: 00:11:29

HP:   -5/43 (46)    AC:  3    Str: 27    XL:     9   Next: 66%
MP:   0/14          EV: 13    Int: 10    God:    Uskayaw [****..]
Gold: 496           SH:  0    Dex: 14    Spells: 8/8 levels left

rFire   . . .        B - +0 dagger (speed)
rCold   . . .        (no shield)
rNeg    . . .        w - +0 troll leather armour {Pargi}
rPois   .            (helmet currently unavailable)
rElec   .            (cloak currently unavailable)
rCorr   .            (gloves currently unavailable)
SInv    .            (boots currently unavailable)
Will    +....        (no amulet)
Stlth   +++          v - +6 ring of strength
HPRegen 1.87/turn    (no ring)
MPRegen 0.14/turn

%: guardian spirit
@: beast-form, drained
A: beast (slay +3), fangs 3, regeneration 1, magic shield, antimagic bite, no
potion heal 2
a: Begin Untransformation, Renounce Religion, Stomp, Line Pass


You were on level 7 of the Dungeon.
You worshipped Uskayaw.
Uskayaw was noncommittal.
You were a hulking beast.
You visited 1 branch of the dungeon, and saw 7 of its levels.
You also visited: Sewer.

You collected 496 gold pieces.

Inventory:

Hand Weapons
 B - a +0 dagger of speed (weapon)
Armour
 w - a +0 troll leather armour (worn) {Pargi}
Jewellery
 n - a ring of fire
 v - a +6 ring of strength (left hand)
 y - a ring of protection from cold
 D - a ring of protection from cold
Talismans
 c - a beast talisman (active)
 d - a flux talisman
Wands
 r - a wand of flame (38)
 F - a wand of charming (13)
Scrolls
 f - a scroll of fear {unknown}
 g - a scroll of vulnerability {unknown}
 h - a scroll of poison {unknown}
 k - a scroll of blinking {unknown}
 l - 2 scrolls of teleportation {unknown}
 m - 2 scrolls of enchant weapon {unknown}
 o - 2 scrolls of butterflies {unknown}
 q - 3 scrolls of amnesia {unknown}
 t - 2 scrolls of enchant armour {unknown}
 u - 6 scrolls of identify {unknown}
 x - 2 scrolls of immolation {unknown}
 C - a scroll of fog {unknown}
 E - a scroll of acquirement {unknown}
Potions
 a - a potion of ambrosia {unknown}
 b - 2 potions of lignification
 e - 2 potions of haste {unknown}
 i - 7 potions of curing
 j - a potion of mutation {unknown}
 p - 4 potions of magic {unknown}
 s - 3 potions of cancellation {unknown}
 z - 2 potions of enlightenment {unknown}
 A - 2 potions of invisibility {unknown}


   Skills:
 + Level 4.8 Fighting
 + Level 3.0 Short Blades
 + Level 4.5 Dodging
 + Level 4.7 Stealth
 - Level 4.8 Unarmed Combat
 * Level 5.3 Invocations
 + Level 6.4 Shapeshifting


You had 8 spell levels left.
You didn't know any spells.
Your spell library contained the following spells:

 Spells                   Type           Power      Damage    Failure   Level
 Necrotise                Necr           0%         1d4       38%         1
 Poisonous Vapours        Pois/Air       0%         N/A       54%         2
 Static Discharge         Conj/Air       0%         2-2/arc   54%         2
 Mephitic Cloud           Conj/Pois/Air  0%         N/A       77%         3
 Vampiric Draining        Necr           0%         2d6       77%         3
 Airstrike                Air            0%         2d(0-16)  99%         4
 Summon Lightning Spire   Summ/Air       0%         N/A       99%         4
 Vhi's Electric Charge    Tloc/Air       0%         N/A       99%         4
 Agony                    Necr           0%         N/A       100%        5
 Arcjolt                  Conj/Air       0%         1d10      100%        5
 Freezing Cloud           Conj/Ice/Air   0%         6-21      100%        5
 Plasma Beam              Fire/Air       0%         2x1d10    100%        6


Dungeon Overview and Level Annotations

Branches:
Dungeon (7/15)             Temple (0/1) D:5           Sewer (visited)

Altars:
Fedhas
Makhleb
Nemelex Xobeh
Uskayaw
Wu Jian
Xom
Yredelemnul
Zin

Shops:
D:3 [   D:5 (   D:6 *


Innate Abilities, Weirdness & Mutations

You are a hulking beast.
Your limbs bulge with bestial killing power. (Slay +3)
You have razor-sharp teeth.
Your natural rate of healing is unusually fast.
When hurt, damage is shared between your health and your magic reserves.
Your bite disrupts and absorbs the magic of your enemies.
Potions cannot restore your health.


Message History

Things that are here:
a +2 mace of freezing; a +0 robe The helpless wight fails to defend itself.
You impale the wight!!
You destroy the wight!
Your Short Blades skill increases to level 3!
You barely miss the wight. Your bite misses the wight.
The wight is heavily damaged.
You hit the wight but do no damage. Your bite misses the wight.
The wight is heavily damaged.
The wight completely misses you.
You hit the wight but do no damage.
The wight is heavily damaged.
The wight hits you with a +0 mace of protection.
You feel drained.
* * * LOW HITPOINT WARNING * * *
The wight hits you with a +0 scimitar!
* * * LOW HITPOINT WARNING * * *
Okay, then.
Okay, then.
You barely miss the wight.
The wight is heavily damaged.
You hit the wight but do no damage. You bite the wight! You drain its power.
You feel invigorated.
The wight is almost destroyed.
The wight hits you with a +0 mace of protection!
* * * LOW HITPOINT WARNING * * *
The wight barely misses you.
Uskayaw will force your foes to share their pain.
Uskayaw links your audience in an emotional bond!
You closely miss the wight. You punch the wight, but do no damage.
Your bite misses the wight.
The wight is almost destroyed.
The wight barely misses you.
You hit the wight but do no damage. You bite the wight.
You destroy the wight!
You barely miss the wight. Your bite misses the wight.
The wight is lightly damaged.
The wight hits you with a +0 mace of protection!
You die...

#...# ...............
#####...# ...............
........##...............
..........# .............
.?......#.#..............
........#.#.#............
........#.#.##...........
......#z#.#.# ...(....
#..)h.#.# ######
###.###.# ########
#.......######.......
##.#..^......##.######
.........###.##.#
###.#..##.# #.##.#
#.#...#.# #.##.# #
#####.# #.##.# ..# #.##.#


You could see a wight (pain bonded).

Vanquished Creatures
  2 steam dragons
  A water moccasin (D:7)
  2 orc warriors
  3 ice beasts
  Pargi (Sewer)
  3 black bears
  An ogre (D:5)
  A phantom (D:4)
  A scorpion (D:7)
  2 kobold brigands
  3 wights (D:7)
  4 howler monkeys
  2 jellies
  2 hounds
  4 orc priests
  A sleepcap (D:4)
  Jessica (D:3)
  Ijyb (D:3)
  5 iguanas
  5 orc wizards
  8 gnolls (D:3)
  8 adders
  A shadow imp (D:5)
  2 white imps (D:6)
  2 ufetubi
  3 worms
  30 orcs
  2 endoplasms
  4 giant cockroaches
  5 goblins
  4 hobgoblins
  18 kobolds
  5 quokkas
  8 ball pythons
  5 bats
  4 frilled lizards
  7 rats
161 creatures vanquished.

Notes
Turn   | Place    | Note
-------+----------+-------------------------------------------
     0 | D:1      | Ethylacetat the Vine Stalker Shapeshifter began the quest
                  | for the Orb.
     0 | D:1      | Reached XP level 1. HP: 9/9 MP: 2/2
    68 | D:1      | Reached skill level 1 in Fighting
   219 | D:1      | Reached XP level 2. HP: 14/14 MP: 3/3
  1212 | D:2      | Reached XP level 3. HP: 18/18 MP: 4/4
  1732 | D:3      | Reached XP level 4. HP: 12/22 MP: 2/5
  1803 | D:3      | HP: 1/23 [gnoll/+0 whip (5)]
  1806 | D:3      | Reached skill level 4 in Shapeshifting
  1806 | D:3      | Reached XP level 5. HP: 3/26 MP: 0/6
  1875 | D:3      | Found Lywo's Armour Boutique.
  1926 | D:3      | Found a faded altar of an unknown god.
  1965 | D:3      | Prayed at the altar of an unknown god.
  2131 | D:3      | Found a sparkling altar of Nemelex Xobeh.
  2241 | D:3      | Found a burning altar of Makhleb.
  2273 | D:3      | Noticed Jessica
  2278 | D:3      | Killed Jessica
  2279 | D:3      | Noticed Ijyb
  2300 | D:3      | Killed Ijyb
  2331 | D:3      | Found a blossoming altar of Fedhas.
  2458 | D:4      | Found an ornate altar of the Wu Jian Council.
  2466 | D:4      | Reached XP level 6. HP: 31/31 MP: 5/7
  2489 | D:4      | HP: 1/32 [poisoned by an orc priest]
  2533 | D:4      | Found a glowing drain.
  2554 | Sewer    | Entered a sewer
  2587 | Sewer    | Noticed Pargi
  2595 | Sewer    | Killed Pargi
  2670 | Sewer    | Reached skill level 5 in Shapeshifting
  2670 | Sewer    | Reached XP level 7. HP: 14/35 MP: 1/8
  3319 | D:4      | Found a hide-covered altar of Uskayaw.
  3323 | D:4      | Became a worshipper of Uskayaw the Reveller
  3348 | D:5      | Entered Level 5 of the Dungeon
  3361 | D:5      | Reached * piety under Uskayaw
  3363 | D:5      | Reached ** piety under Uskayaw
  3368 | D:5      | Reached *** piety under Uskayaw
  3468 | D:5      | Reached skill level 1 in Stealth
  3468 | D:5      | Reached skill level 1 in Invocations
  3495 | D:5      | Found Jetevit's Antique Weapon Shop.
  3539 | D:5      | Gained mutation: You have razor-sharp teeth. [Vine Stalker
                  | growth]
  3539 | D:5      | Reached XP level 8. HP: 40/40 MP: 10/10
  3543 | D:5      | Found a staircase to the Ecumenical Temple.
  3861 | D:5      | Found a shimmering altar of Xom.
  4092 | D:5      | Reached skill level 1 in Short Blades
  4233 | D:5      | Identified the +3 quarterstaff of Uskayaw's Hope {vamp, rC-
                  | Str+3 Stlth+}
  4395 | D:6      | Found Sonleeqo's Evil Emporium.
  4412 | D:6      | Reached **** piety under Uskayaw
  4668 | D:6      | Reached skill level 6 in Shapeshifting
  4668 | D:6      | Reached XP level 9. HP: 41/45 MP: 9/13
  5449 | D:7      | Reached skill level 5 in Invocations
  5669 | D:7      | Found a basalt altar of Yredelemnul.
  5902 | D:7      | HP: 2/42 [wight/+0 scimitar (9)]
  5907 | D:7      | Slain by a wight

Illustrated notes

Levels and vault maps discovered:
D:1:      dpeg_arrival_line_fractal, layout_basic, hangedman_decor_riveting
D:2:      layout_basic
D:3:      layout_rooms, nemelex_spade_bored_becter, lightli_temple_of_fire,
          overflow_temple_1_default, hellmonk_ecumenical_altar_arch_garden,
          serial_shops, nicolae_shop_stone, uniq_jessica, uniq_ijyb
D:4:      layout_basic, mainiacjoe_overflow_catwalk,
          mainiacjoe_overflow_alcove_4, portal_sewer_entry_a,
          grunt_ministairs_12
D:5:      minmay_general_purpose_star, layout_basic,
          nicolae_overflow_hidden_temple, minmay_temple_entry_sparse_star,
          serial_shops, shop
D:6:      layout_loops_cross, nicolae_evil_shop
D:7:      layout_basic, mainiacjoe_overflow_paths

Skill      XL: |  1  2  3  4  5  6  7  8  9 |
---------------+----------------------------+-----
Fighting       | 1 2 3 4 |  4.8
Dodging        | 2 3 4 |  4.5
Shapeshifting  | 4 5 6 |  6.4
Unarmed Combat | 4 |  4.8
Stealth        | 1 3 4 |  4.7
Invocations    | 1 4 5 |  5.3
Short Blades   | 2 3 |  3.0

Action                     |  1- 3 |  4- 6 |  7- 9 || total
---------------------------+-------+-------+-------++-------
  Melee: Unarmed           |    78 |   104 |    75 ||   257
         Bite              |    16 |    21 |   116 ||   153
         Punch             |     3 |     2 |    16 ||    21
         Dagger            |       |       |   222 ||   222
  Evoke: Wand              |       |     3 |       ||     3
    Use: Potion            |       |     2 |       ||     2
   Stab: Paralysed         |       |       |    14 ||    14
         Sleeping          |       |       |     3 ||     3
         Distracted        |       |       |     1 ||     1
 Armour: Animal skin       |    18 |       |       ||    18
         Ring mail         |    22 |    61 |       ||    83
         Troll leather arm |       |     9 |   137 ||   146
         Skin              |       |     7 |       ||     7
  Dodge: Dodged            |    41 |    67 |   135 ||   243

Table legend: (Time is in decaauts)
 A = Elapsed time spent in this place.
 B = Non-inter-level travel time spent in this place.
 C = Inter-level travel time spent in this place.
 D = Time resting spent in this place.
 E = Time spent auto-exploring this place.
 F = Levels seen in this place.
 G = Mean time per level.
                   A        B        C        D        E       F      G
               +--------+--------+--------+--------+--------+-----+--------+
         Total |   5809 |   5579 |    230 |     16 |   4530 |   8 |  726.1 |
       Dungeon |   5561 |   5331 |    230 |      0 |   4389 |   7 |  794.4 |
         Sewer |    247 |    247 |      0 |     16 |    140 |   1 |  247.0 |
               +--------+--------+--------+--------+--------+-----+--------+

Top non-repeatable levels by time:
     D:5: 961 daAuts
     D:1: 950 daAuts
     D:2: 765 daAuts
     D:6: 730 daAuts
     D:4: 727 daAuts
     D:7: 723 daAuts
     D:3: 702 daAuts
   Sewer: 247 daAuts
